 Dungeon Crawl Stone Soup version 0.30.1-9-gdf580d7c3d (webtiles) character file.

Game seed: 10331514202296418514

10810 ChiefBigBeans the Fighter (level 11, -2/101 HPs)
             Began as a Pale Draconian Fire Elementalist on Sept 25, 2023.
             Was a Priest of Makhleb.
             Slain by booth's ghost (6 damage)
             ... on level 10 of the Dungeon on Sept 26, 2023.
             The game lasted 00:42:04 (11067 turns).

ChiefBigBeans the Fighter (DrFE)                   Turns: 11067, Time: 00:42:05

Health: -2/101     AC: 11    Str: 10      XL:     11   Next: 41%
Magic:  29/29      EV: 15    Int: 17      God:    Makhleb [***...]
Gold:   1089       SH:  5    Dex: 14 (15) Spells: 9/23 levels left

rFire   + + .        b - +7 triple crossbow of Analysis {flame, Fly rF+ Stlth+}
rCold   . . .        (shield currently unavailable)
rNeg    . . .        (body armour unavailable)
rPois   +            (helmet restricted)
rElec   .            v - +2 cloak
rCorr   .            i - +0 pair of gloves
SInv    .            (no boots)
Will    .....        d - amulet of reflection
Stlth   +++          p - ring of magical power
HPRegen 0.36/turn    j - ring of poison resistance
MPRegen 0.21/turn

%: reflection
@: flying, slowed, studying Short Blades, very slow
A: breathe steam, AC +7, unfitting armour, cold-blooded, steam resistance, fangs
1, stinger 1, fire resistance 1
a: Breathe Steam, Renounce Religion, Minor Destruction, Lesser Servant of
Makhleb


You were on level 10 of the Dungeon.
You worshipped Makhleb.
Makhleb was most pleased with you.
You visited 1 branch of the dungeon, and saw 11 of its levels.
You also visited: Ossuary.

You collected 1089 gold pieces.

Inventory:

Hand Weapons
 b - the +7 triple crossbow of Analysis (weapon) {flame, Fly rF+ Stlth+}
   (You acquired it on level 2 of the Dungeon)

   rF:        It protects you from fire.
   Fly:       It grants you flight.
   Stlth:     It makes you more stealthy.
 e - the +6 hand axe of Touqief {spect, rN+ Str-3 Int+3}
   (You found it on level 10 of the Dungeon)

   Str:       It affects your strength (-3).
   Int:       It affects your intelligence (+3).
   rN:        It protects you from negative energy.
 s - a +0 demon whip of venom
Missiles
 x - a throwing net
Armour
 i - a +0 pair of gloves (worn)
 v - a +2 cloak (worn)
Jewellery
 d - an amulet of reflection (around neck)
 j - a ring of poison resistance (right hand)
 p - a ring of magical power (left hand)
 y - a +6 ring of strength
Wands
 f - a wand of quicksilver (1)
 z - a wand of mindburst (10)
Scrolls
 c - 3 scrolls of teleportation
 u - 3 scrolls of identify
 w - a scroll of blinking
Potions
 a - a potion of magic
 l - a potion of flight
 m - a potion of heal wounds
 r - 3 potions of brilliance


   Skills:
 + Level 10.9 Fighting
 + Level 9.2 Ranged Weapons
 + Level 7.4 Dodging
 - Level 1.8 Stealth
 - Level 6.5 Spellcasting
 - Level 1.0 Conjurations
 + Level 10.3 Fire Magic


You had 9 spell levels left.
You knew the following spells:

 Your Spells              Type           Power      Damage    Failure   Level
a - Foxfire               Conj/Fire      96%        2x1d8     1%          1
b - Flame Wave            Conj/Fire      24%        2d8       12%         4
c - Starburst             Conj/Fire      12%        6d5       87%         6
d - Volatile Blastmotes   Fire/Tloc      46%        2d13      4%          3

Your spell library contained the following spells:

 Spells                   Type           Power      Damage    Failure   Level
 Scorch                   Fire           80%        2d8       1%          2
 Inner Flame              Hex/Fire       23%        N/A       4%          3
 Freeze                   Ice            20%        1d4       12%         1
 Sticky Flame             Conj/Fire      24%        2d5       12%         4
 Dazzling Flash           Conj/Hex       14%        N/A       30%         3
 Hailstorm                Conj/Ice       7%         3d4       30%         3
 Call Canine Familiar     Summ           5%         N/A       36%         3
 Frozen Ramparts          Ice            10%        1d2       36%         3
 Portal Projectile        Hex/Tloc       10%        N/A       36%         3
 Iskenderun's Mystic Bla  Conj/Tloc      7%         2d4       69%         4
 Leda's Liquefaction      Hex/Erth       2%         N/A       77%         4


Dungeon Overview and Level Annotations

Branches:
Dungeon (11/15)            Temple (0/1) D:5            Lair (0/5) D:10
    Orc (0/2) D:10        Ossuary (visited)

Altars:
Gozag
Hepliaklqana
Makhleb
Wu Jian
Yredelemnul
The Shining One

Shops:
D:10 [

Annotations:
D:10 booth's ghost, journeyman HOMo


Innate Abilities, Weirdness & Mutations

You can breathe blasts of scalding, opaque steam.
Your pale cyan-grey scales are hard. (AC +7)
You cannot fit into any form of body armour.
You are cold-blooded and may be slowed by cold attacks.
You are immune to the effects of steam.
You have very sharp teeth.
Your tail ends in a venomous barb.
Your flesh is heat resistant. (rF+)


Message History

You shoot a bolt.
Booth's ghost turns its malevolent gaze towards you.
The bolt hits booth's ghost.
The bolt burns booth's ghost.
Booth's ghost is lightly damaged.
You shoot a bolt. The bolt hits booth's ghost!
The bolt burns booth's ghost.
Booth's ghost is lightly damaged.
You shoot a bolt. The bolt barely misses booth's ghost.
Booth's ghost hits you. Booth's ghost freezes you. Booth's ghost misses you.
Okay, then.
Okay, then.
Cast which spell? (? or * to list)
Okay, then.
You shoot a bolt. The bolt closely misses booth's ghost.
Booth's ghost misses you. Booth's ghost barely misses you.
You shoot a bolt. The bolt hits booth's ghost!
The bolt burns booth's ghost.
Booth's ghost is moderately damaged.
Booth's ghost hits you!!
You feel yourself slow down. Booth's ghost freezes you.
Booth's ghost wails, "There is no future for me!"
Booth's ghost closely misses you.
You shoot a bolt. The bolt hits booth's ghost!
The bolt burns booth's ghost.
Booth's ghost is heavily damaged.
You feel yourself speed up. Booth's ghost barely misses you.
Booth's ghost hits you! Booth's ghost freezes you.
You shoot a bolt. The bolt hits booth's ghost!
The bolt burns booth's ghost.
Booth's ghost is heavily damaged.
Booth's ghost closely misses you. Booth's ghost hits you!
Booth's ghost freezes you. Booth's ghost hits you.
You feel yourself slow down. Booth's ghost freezes you.
Booth's ghost attacks as you move away! Booth's ghost barely misses you.
Booth's ghost hits you!
* * * LOW HITPOINT WARNING * * *
You feel as though you will be slow longer.
Booth's ghost freezes you.
* * * LOW HITPOINT WARNING * * *
Booth's ghost hits you!!
* * * LOW HITPOINT WARNING * * *
Booth's ghost freezes you.
You die...

...###############.....#......#..
...##....##.##...##....#......#..
.......................#......#..
.......................#......#..
.......................#......#..
...................)...#......#..
............##...##...###..#####'
...##.......##...##...###..####..
...##.......##..@W...(...........
...##........#.).................
....#........#...................
....#......[##...##..............
....#........#..###..............
....#........##.##...............
....#####.####...###.............
...## #.###.....##..##...##....
....# #.##..P....######'#######


You could see booth's ghost.

Vanquished Creatures
  A centaur warrior (D:10)
  2 two-headed ogres
  Amaemon (D:7)
  Pikel (D:4)
  A gargoyle (D:11)
  An orange demon (D:8)
  A kobold demonologist (D:10)
  2 trolls (D:10)
  Grinder (D:4)
  Prince Ribbit (D:8)
  A vampire (D:8)
  Sigmund (D:5)
  A human (D:9)
  A shadow (D:8)
  A basilisk (D:10)
  Eustachio (D:4)
  4 wyverns
  A yak (D:10)
  A steam dragon (D:10)
  Edmund (D:5)
  Duvessa (D:5)
  2 acid dragons
  2 black bears
  2 orc warriors
  5 centaurs
  3 ogres
  3 lemures (D:4)
  3 kobold brigands
  3 bullfrogs
  A necrophage (D:4)
  A gnoll sergeant (D:7)
  2 wyvern zombies (Ossuary)
  9 wights
  A water moccasin zombie (Ossuary)
  Dowan (D:5)
  7 killer bees
  3 bullfrog zombies (Ossuary)
  4 hounds
  5 centaur zombies (Ossuary)
  3 orc priests
  A jelly (D:4)
  2 sleepcaps
  3 iguanas
  10 orc wizards
  A hound skeleton (D:4)
  15 mummies (Ossuary)
  4 gnolls (D:7)
  11 adders
  3 white imps
  2 ufetubi
  7 worms
  6 dart slugs
  30 orcs
  9 ball pythons
  10 endoplasms
  6 giant cockroaches
  9 goblins
  5 hobgoblins
  3 jackals
  22 kobolds
  2 quokkas
  5 bats
  6 frilled lizards
  A jackal zombie (D:9)
  6 rats
265 creatures vanquished.

Vanquished Creatures (others)
  An orc wizard (D:9)
  A kobold (D:9)
  29 foxfires
31 creatures vanquished.

Grand Total: 296 creatures vanquished

Notes
Turn   | Place    | Note
-------+----------+-------------------------------------------
     0 | D:1      | ChiefBigBeans the Draconian Fire Elementalist began the
                  | quest for the Orb.
     0 | D:1      | Reached XP level 1. HP: 14/14 MP: 3/3
   229 | D:1      | Reached XP level 2. HP: 15/20 MP: 3/5
   636 | D:1      | Reached XP level 3. HP: 26/26 MP: 5/7
  1093 | D:2      | Identified a scroll of acquirement
  1093 | D:2      | Acquired the +7 triple crossbow of Analysis {flame, Fly rF+
                  | Stlth+}
  1350 | D:2      | Reached skill level 1 in Fighting
  1350 | D:2      | Reached skill level 1 in Ranged Weapons
  1408 | D:2      | Reached XP level 4. HP: 35/35 MP: 8/8
  1972 | D:2      | Acquired 508 gold pieces
  1976 | D:2      | Reached XP level 5. HP: 56/56 MP: 9/9
  1978 | D:2      | Reached XP level 6. HP: 62/62 MP: 9/15
  1984 | D:2      | Learned a level 4 spell: Flame Wave
  3019 | D:4      | Gained mutation: You have hidden genetic potential. [potion
                  | of mutation]
  3019 | D:4      | Gained mutation: Your tail ends in a venomous barb. [potion
                  | of mutation]
  3025 | D:4      | Noticed an orc warrior
  3028 | D:4      | Killed an orc warrior
  3029 | D:4      | Your scales start taking on a pale cyan-grey colour.
  3029 | D:4      | Reached XP level 7. HP: 55/70 MP: 16/16
  3029 | D:4      | Gained mutation: You are immune to the effects of steam.
                  | [Pale Draconian growth]
  3273 | D:4      | Noticed Grinder
  3275 | D:4      | Killed Grinder
  3298 | D:4      | Gained mutation: You have very sharp teeth. [hidden
                  | potential]
  3543 | D:4      | Noticed Eustachio
  3555 | D:4      | Killed Eustachio
  3707 | D:4      | Reached XP level 8. HP: 77/78 MP: 8/17
  3936 | D:4      | Noticed Pikel
  3953 | D:4      | Killed Pikel
  3954 | D:4      | Reached skill level 5 in Dodging
  3974 | D:4      | Gained mutation: Your flesh is heat resistant. (rF+)
                  | [hidden potential]
  3974 | D:4      | Lost mutation: You have hidden genetic potential. [hidden
                  | potential expressed]
  4182 | D:4      | Learned a level 6 spell: Starburst
  4186 | D:4      | Learned a level 3 spell: Volatile Blastmotes
  4189 | D:4      | Learned a level 2 spell: Scorch
  4195 | D:4      | Found a burning altar of Makhleb.
  4497 | D:4      | Became a worshipper of Makhleb the Destroyer
  4547 | D:5      | Entered Level 5 of the Dungeon
  4566 | D:5      | Noticed Edmund
  4570 | D:5      | Killed Edmund
  4598 | D:5      | Found a staircase to the Ecumenical Temple.
  4740 | D:5      | Reached XP level 9. HP: 79/83 MP: 18/18
  4786 | D:5      | Noticed Sigmund
  4797 | D:5      | Killed Sigmund
  5280 | D:5      | Noticed Dowan
  5281 | D:5      | Killed Dowan
  5282 | D:5      | Noticed Duvessa
  5285 | D:5      | Killed Duvessa
  5706 | D:6      | Reached * piety under Makhleb
  6674 | D:7      | Found a sand-covered staircase.
  6679 | Ossuary  | Entered an ossuary
  6740 | Ossuary  | Reached ** piety under Makhleb
  6741 | Ossuary  | Reached XP level 10. HP: 59/89 MP: 19/19
  7236 | D:7      | Noticed a two-headed ogre
  7239 | D:7      | Killed a two-headed ogre
  7796 | D:8      | Noticed Amaemon
  7821 | D:7      | Killed Amaemon
  7822 | D:7      | Reached skill level 10 in Fighting
  8246 | D:8      | Noticed a two-headed ogre
  8249 | D:8      | Killed a two-headed ogre
  8431 | D:8      | Noticed an orange demon
  8434 | D:8      | Killed an orange demon
  8459 | D:9      | Reached *** piety under Makhleb
  8459 | D:9      | Noticed Prince Ribbit
  8469 | D:8      | Killed Prince Ribbit
  8968 | D:9      | Reached XP level 11. HP: 69/101 MP: 20/20
  9182 | D:9      | Found a runed translucent door.
  9186 | D:9      | Found a basalt altar of Yredelemnul.
  9424 | D:9      | Found a glowing golden altar of the Shining One.
  9735 | D:10     | Entered Level 10 of the Dungeon
  9739 | D:10     | Identified the +6 hand axe of Touqief {spect, rN+ Str-3
                  | Int+3}
  9834 | D:10     | Found a runed translucent gate.
  9835 | D:10     | Found a runed translucent gate.
  9836 | D:10     | Found a runed translucent gate.
  9837 | D:10     | Found an opulent altar of Gozag.
  9838 | D:10     | Noticed a centaur warrior
  9838 | D:10     | Noticed a deep elf zephyrmancer
  9838 | D:10     | Noticed booth's ghost (journeyman HOMo)
  9912 | D:10     | Reached skill level 10 in Fire Magic
 10050 | D:10     | Found a staircase to the Lair.
 10267 | D:10     | Found a staircase to the Orcish Mines.
 10297 | D:10     | Found Duoghipp's Armour Shoppe.
 10378 | D:10     | Found an ornate altar of the Wu Jian Council.
 10385 | D:10     | Found a hazy altar of Hepliaklqana.
 10683 | D:10     | HP: 5/101 [booth's ghost (8)]
 10879 | D:10     | Killed a centaur warrior
 11067 | D:10     | HP: 4/101 [booth's ghost (19)]
 11067 | D:10     | Slain by booth's ghost

Illustrated notes

Levels and vault maps discovered:
D:1:      dpeg_arrival_boxorama, layout_loops_cross,
          nicolae_kite_square_tiling_tiny, minmay_tall_x
D:2:      layout_basic, minmay_divided_ellipse
D:3:      minmay_recursive_quarters, layout_loops_ring
D:4:      cheibrodos_quashed, layout_loops_corners, makhleb_blood_cavern_becter,
          grunt_decor_clamped, uniq_eustachio, uniq_grinder, uniq_pikel
D:5:      layout_loops_ring, temple_statues, uniq_edmund, uniq_duvessa,
          uniq_sigmund
D:6:      layout_loops_cross, cheibrodos_sewer_entry_bend, minmay_manual_mares
D:7:      layout_basic, nicolae_ossuary_entry_false_entrances
D:8:      layout_gridville, uniq_amaemon
D:9:      layout_cave_pools, tso_altar, dk_yredelemnul_ordeal, enter_bailey_8,
          nrook_mini_backslash, minivault_16, uniq_prince_ribbit1
D:10:     layout_gridville, mainiacjoe_overflow_big_doors, david_lair_generic,
          orc_0_dummy, serial_shops, nicolae_shop_competitors_out_of_business,
          ebering_ghost_gozag, minmay_crystal_room
D:11:     cheibrodos_elevator_heist, layout_cave_pods, hex_tiny,
          grunt_ministairs_2, uniq_josephine

Skill      XL: |  1  2  3  4  5  6  7  8  9 10 11 |
---------------+----------------------------------+-----
Fighting       | 1 8 9 10 | 10.9
Ranged Weapons | 1 7 8 9 |  9.2
Spellcasting   | 6 |  6.5
Fire Magic     | 7 8 9 10 | 10.3
Dodging        | 2 3 5 6 7 |  7.4
Stealth        | |  1.8
Conjurations   | |  1.0

Action                     |  1- 3 |  4- 6 |  7- 9 | 10-12 || total
---------------------------+-------+-------+-------+-------++-------
  Melee: Club              |    57 |       |       |       ||    57
         Tailslap          |     7 |       |       |       ||     7
   Fire: Triple crossbow   |    14 |    58 |   185 |   220 ||   477
   Cast: Foxfire           |    25 |       |       |       ||    25
         Flame Wave        |       |       |     9 |       ||     9
Ability: Breathe Steam     |       |       |     2 |     1 ||     3
    Use: Scroll            |     3 |     7 |     4 |    11 ||    25
         Potion            |       |     5 |     8 |     7 ||    20
   Stab: Sleeping          |     2 |       |       |       ||     2
 Armour: Skin              |     9 |     9 |    34 |   110 ||   162
  Dodge: Dodged            |    34 |    15 |    74 |   199 ||   322
  Block: Other             |    17 |    11 |    20 |    61 ||   109
         Reflection        |       |       |     2 |     7 ||     9
